 Dungeon Crawl Stone Soup version 0.23-a0-29-g1be82e5 (webtiles) character file.

146 Treefire the Firebug (level 5, 0/29 HPs)
             Began as a Deep Elf Fire Elementalist on Aug 3, 2018.
             Succumbed to a crimson imp's poison
             ... on level 2 of the Dungeon.
             The game lasted 00:20:43 (5736 turns).

Treefire the Firebug (Deep Elf Fire Elementalist)   Turns: 5736, Time: 00:20:43

Health: 0/29       AC:  2    Str:  5    XL:     5   Next: 7%
Magic:  11/11      EV: 13    Int: 21    God:
Gold:   94         SH:  0    Dex: 15    Spells: 4/10 levels left

rFire    . . .     SeeInvis .   j - +0 dire flail
rCold    . . .     Gourm    .   (shield currently unavailable)
rNeg     . . .     Faith    .   a - +0 robe
rPois    .         Spirit   .   (no helmet)
rElec    .         Reflect  .   (no cloak)
rCorr    .         Harm     .   (no gloves)
MR       .....                  (no boots)
Stlth    ++........             (no amulet)
HPRegen  0.09/turn              (no ring)
MPRegen  0.12/turn              (no ring)

@: lethally poisoned (0 -> -1)
A: no striking features
a: no special abilities


You were on level 2 of the Dungeon.
You were hungry.

You visited 1 branch of the dungeon, and saw 3 of its levels.

You collected 94 gold pieces.

Inventory:

Hand Weapons
 j - a +0 dire flail (weapon)
 k - a +0 dagger
 m - a +0 blowgun
Missiles
 b - 73 stones (quivered)
 i - 38 arrows
 n - 4 poisoned needles
 o - 18 sling bullets
Armour
 a - a +0 robe (worn)
Jewellery
 f - an uncursed ring of protection from magic {unknown}
Scrolls
 e - 2 scrolls of remove curse
 h - a scroll of enchant weapon
Potions
 g - a potion of flight
Comestibles
 c - 5 rations


   Skills:
 - Level 1.3 Fighting
 - Level 2.4 Dodging
 - Level 2.4 Stealth
 - Level 3.0 Spellcasting
 - Level 4.1 Conjurations
 + Level 4.3 Fire Magic


You had 4 spell levels left.
You knew the following spells:

 Your Spells              Type           Power        Failure   Level  Hunger
a - Flame Tongue          Conj/Fire      ###..        2%          1    None
b - Throw Flame           Conj/Fire      ###...       3%          2    ##.....
c - Conjure Flame         Conj/Fire      ###.....     7%          3    ###....

Your spell library contained the following spells:

 Spells                   Type           Power        Failure   Level  Hunger
 Fireball                 Conj/Fire      ###.......   54%         5    ######.
 Sticky Flame             Conj/Fire      ###.....     24%         4    ####...
 Inner Flame              Hex/Fire       ##......     16%         3    ###....


Dungeon Overview and Level Annotations

Branches:
Dungeon (3/15)

Altars:
Xom


Message History

You feel sick.
There is a lethal amount of poison in your body!
Okay, then.
* * * LOW HITPOINT WARNING * * *
You feel sick.
As you read the scroll labeled KEXKIF SISI, it crumbles to dust.
The scroll dissolves into smoke.
It was a scroll of fog.
As you read the scroll labeled ECAACUSOITU, it crumbles to dust.
You hear a loud clanging noise!
It was a scroll of noise.
Okay, then.
There is a lethal amount of poison in your body!
* * * LOW HITPOINT WARNING * * *
You feel sick.
There is an open door here.
* * * LOW HITPOINT WARNING * * *
You feel sick.
* * * LOW HITPOINT WARNING * * *
You feel sick.
You die...

..# ..# ..####
.....############ ######
.....#..........# #....#
§§§..#.....)....# #.##.#
§§§§§#..........# ###.##.#
.§§§§#..........######....#.#
§§§§§'..........@..........>#
.§§..#..........####.#.######
################# #.#.######
#.#.#....# #.#.#.##.#
#.#.#.#..# # #.#...#.##
####################.#####.#
'..........#.........# #.#


There were no monsters in sight!

Vanquished Creatures
  4 adders
  3 gnolls (D:3)
  4 worms
  A dart slug (D:1)
  5 leopard geckos
  A giant cockroach (D:1)
  4 goblins
  9 hobgoblins
  3 jackals (D:1)
  2 quokkas (D:2)
  A ball python (D:3)
  11 bats
  3 frilled lizards (D:2)
  8 kobolds
  6 rats
65 creatures vanquished.

Notes
Turn   | Place    | Note
-------+----------+-------------------------------------------
     0 | D:1      | Treefire the Deep Elf Fire Elementalist began the quest for the Orb.
     0 | D:1      | Reached XP level 1. HP: 10/10 MP: 6/6
   311 | D:1      | Reached XP level 2. HP: 15/15 MP: 5/8
   315 | D:1      | Learned a level 2 spell: Throw Flame
  1246 | D:2      | Reached XP level 3. HP: 20/20 MP: 6/9
  1349 | D:2      | Learned a level 3 spell: Conjure Flame
  1391 | D:2      | Reached skill level 1 in Fighting
  2071 | D:2      | Reached XP level 4. HP: 25/25 MP: 4/10
  3327 | D:3      | Found a shimmering altar of Xom.
  5413 | D:3      | Reached XP level 5. HP: 29/29 MP: 7/11
  5728 | D:2      | HP: 1/29 [poisoned by a crimson imp]
  5736 | D:2      | Succumbed to a crimson imp's poison

Vault maps used:
D:1:      minmay_arrival_stone_box
D:2:      minmay_cupped
D:3:      hangedman_abyss_or_decor_lesser_grid, led_xom_imps

Skill      XL: |  1  2  3  4 |
---------------+-------------+-----
Conjurations   | 2 3 4 |  4.1
Fighting       | 1 |  1.3
Fire Magic     | 4 |  4.3
Dodging        | |  2.4
Stealth        | |  2.4
Spellcasting   | |  3.0

Action                   |  1- 3 |  4- 6 || total
-------------------------+-------+-------++-------
Melee: Unarmed           |    10 |       ||    10
       Dire flail        |       |    57 ||    57
       Dagger            |       |    20 ||    20
 Fire: Blowgun           |       |    27 ||    27
Throw: Stone             |    10 |    16 ||    26
 Cast: Flame Tongue      |    47 |    41 ||    88
       Throw Flame       |    21 |    13 ||    34
       Conjure Flame     |     3 |     6 ||     9
  Use: Scroll            |     2 |     5 ||     7
       Potion            |       |     3 ||     3
  Eat: Chunk             |     5 |     8 ||    13
       Ration            |       |     1 ||     1
Armor: Robe              |     6 |    19 ||    25
Dodge: Dodged            |    26 |    67 ||    93

Table legend:
 A = Spawn XP
 B = Non-spawn XP
 C = Spawn XP percentage of total XP
 D = Spawn monster count
 E = Non-spawn monster count
 F = Spawn count percentage of total count
 G = Total turns spent on level
                    A         B        C        D         E        F      G
               +---------+---------+-------+---------+---------+-------+---------
         Total |       0 |     209 |   0.0 |       0 |      65 |   0.0 |  5736
               +---------+---------+-------+---------+---------+-------+---------
           D:1 |       0 |      39 |   0.0 |       0 |      21 |   0.0 |  1357
           D:2 |       0 |      93 |   0.0 |       0 |      30 |   0.0 |  2489
           D:3 |       0 |      77 |   0.0 |       0 |      14 |   0.0 |  1890
               +---------+---------+-------+---------+---------+-------+---------
